Unix NetHack Version 5.0.0-0 post-release - last build May 10 2026 23:12:36 (d1fa5d53e341ca933230fdaa984d921c805b60aa,branch:main).

Game began 2026-05-15 18:15:58, ended 2026-05-15 18:28:16.

DaveT, lawful male human Priest

                                                      ---------
                                                ######........|
         ---------             ################## #  #........|
         |.......-##############                #     +.......|
         |.......|                                    |..<....|
         |........########"######                     |.......|
         |.......|              "                     ---------
         |..>....|              #
         |.......|              #
         ---------              #
                                #
                                #
                                #                # #.--------
                                #                 ##...*....|
                                #                ##   ..*.).-
                                ###############@M#      ....|
                                                        -----

DaveT the Acolyte            St:8 Dx:12 Co:13 In:12 Wi:18 Ch:13  Lawful
Dlvl:5  $:126 HP:0(43) Pw:22(43) AC:3  Xp:5 T:1743  Burdened

Latest messages:
 You disentangle yourself.
 Nestorix hits!
 Nestorix hits again!
 In what direction? .
 You feel better.
 Nestorix just misses!
 Nestorix hits!
 You miss Nestorix.
 Nestorix hits!
 Nestorix just misses!
 You miss Nestorix.
 Nestorix hits!
 Nestorix hits again!
 In what direction? .
 You feel better.
 Nestorix misses!
 Nestorix hits!
 You miss Nestorix.
 In what direction? .
 You feel better.
 Nestorix hits!
 Nestorix misses!
 You miss Nestorix.
 Nestorix hits!
 Nestorix misses!
 You miss Nestorix.
 Nestorix just misses!
 Nestorix misses!
 You hit Nestorix!
 Nestorix just misses!
 Nestorix hits!
 You miss Nestorix.
 Nestorix hits!
 Nestorix just misses!
 You fail to cast the spell correctly.
 Nestorix hits!
 Nestorix hits again!
 In what direction? .
 You feel better.
 Nestorix misses!
 Nestorix hits!
 You miss Nestorix.
 Nestorix hits!
 Nestorix hits again!
 You miss Nestorix.
 Nestorix hits!
 Nestorix hits again!
 You die...
 Do you want your possessions identified? [ynq] (y) y
 Do you want to see your attributes? [ynq] (y) q

Inventory:
 Coins    ('$')
  $ - 126 gold pieces
 Weapons  (')')
  l - a blessed +0 dagger (at the ready)
  a - a blessed +1 mace (weapon in right hand)
 Armor    ('[')
  u - a +0 shield of drain resistance (being worn)
  b - a very burnt +0 robe (being worn)
  x - a blessed +0 banded mail (being worn)
 Comestibles  ('%')
  e - a clove of garlic
  z - 4 food rations
  f - 2 sprigs of wolfsbane
 Scrolls  ('?')
  U - a scroll of amnesia
  P - a scroll of blank paper
  B - a scroll of food detection
 Spellbooks  ('+')
  R - a spellbook of detect food
 Potions  ('!')
  D - 2 potions of acid
  T - a potion of speed
  d - 4 potions of holy water
  v - 2 potions of water
 Rings    ('=')
  y - a ring of shock resistance
  Q - a cursed ring of shock resistance
 Tools    ('(')
  t - a horn of plenty (0:0)
  A - a bugle
  w - a lock pick
  L - a towel
 Gems/Stones  ('*')
  k - an obsidian stone
  K - a worthless piece of orange glass

DaveT the Priest's attributes:

Background:
 You were an Acolyte, a level 5 human Priest.
 You were lawful, nominally on a mission for Mitra
 who was opposed by Crom (neutral) and Set (chaotic).
 You were right-handed.
 You were in the Dungeons of Doom, on level 5.
 You entered the dungeon 1743 turns ago.
 You had 172 experience points, 148 more were needed to attain level 6.

Basics:
 You had 0 out of 43 hit points.
 You had 22 out of 43 energy points (spell power).
 Your armor class was 3.
 Your wallet contained 126 zorkmids.
 Autopickup was off.

Final Characteristics:
 Your strength was 8 (limit:18/100).
 Your dexterity was 12 (limit:18).
 Your constitution was 13 (limit:18).
 Your intelligence was 12 (limit:18).
 Your wisdom was 18 (limit:18).
 Your charisma was 13 (limit:18).

Final Status:
 You weren't hungry.
 You were burdened; movement was slightly slowed.
 You were wielding a mace.
 You had basic skill with mace.

Final Attributes:
 You were devoutly aligned.
 You were level-drain resistant.
 You were telepathic.
 You were guarded.
 Your spell casting was impaired by metallic armor, mitigated by your robe.
 You were fast.
 You are dead.

Miscellaneous:
 You encountered 1 bones level.
 Total elapsed playing time was 12 minutes and 18 seconds.

Major events:
 Turn
    1: DaveT the lawful human Priest entered the dungeon
  429: attained the rank of Acolyte (level 3)
  543: entered the Gnomish Mines
 1743: killed by a human mummy of Nestorix

Spells:
 Name                 Level Category     Fail Retention
 light                  1   clerical      31%  91%-100%
 detect unseen          3   divination   100%  76%-100%
 healing                1   healing       13%  76%-100%
 detect food            2   divination    85%  76%-100%

Skills:
 Fighting Skills
   bare handed combat [Unskilled]
 Weapon Skills
   club               [Unskilled]
   mace               [Basic]
   morning star       [Unskilled]
   flail              [Unskilled]
   hammer             [Unskilled]
   quarterstaff       [Unskilled]
   polearms           [Unskilled]
   spear              [Unskilled]
   trident            [Unskilled]
   lance              [Unskilled]
   bow                [Unskilled]
   sling              [Unskilled]
   crossbow           [Unskilled]
   dart               [Unskilled]
   shuriken           [Unskilled]
   boomerang          [Unskilled]
   unicorn horn       [Unskilled]
 Spellcasting Skills
   healing spells     [Unskilled]
   divination spells  [Unskilled]
   clerical spells    [Basic]

Voluntary challenges:
 Character rerolling was not enabled.
 You were an atheist.
 You never genocided any monsters.
 You never polymorphed an object.
 You never changed form.
 You used no wishes.
Achievements:
 You entered a shop.
 You attained the rank of Acolyte.
 You entered the Gnomish Mines.

 The Dungeons of Doom: levels 1 to 6
    Level 1:
       Some fountains.
    Level 2:
       A general store, a fountain.
       Stairs down to The Gnomish Mines.
    Level 3:
       A potion shop, some fountains, a grave.
    Level 4:
    Level 5: <- You were here.
       Final resting place for
          you, killed by a human mummy of Nestorix,
          Nestorix-Arc-Hum-Fem-Law, killed by a kobold mummy.
    Level 6:
 The Gnomish Mines:
    Level 3:


Vanquished creatures:
  a small mimic
  a rock piercer
  a shrieker
  2 little dogs
  2 floating eyes
  2 gas spores
  3 giant rats
  a cave spider
  a gnome
  a garter snake
  a gecko
  a jackal
  a fox
  a goblin
  4 grid bugs
  6 lichens
  2 newts
31 creatures vanquished.

No species were genocided or became extinct.

Game over:
                       ----------
                      /          \
                     /    REST    \
                    /      IN      \
                   /     PEACE      \
                  /                  \
                  |      DaveT       |
                  |      126 Au      |
                  |   killed by a    |
                  |  human mummy of  |
                  |     Nestorix     |
                  |                  |
                  |       2026       |
                 *|     *  *  *      | *
        _________)/\\_//(\/(/\)/\//\/|_)_______

Goodbye DaveT the Priest...

You died in The Dungeons of Doom on dungeon level 5 with 1032 points,
and 126 pieces of gold, after 1743 moves.
You were level 5 with a maximum of 43 hit points when you died.

